 Dungeon Crawl Stone Soup version 0.25-a0-84-g11f2770c52 (webtiles) character file.

Game seed: 17978994718357667285, levelgen mode: deterministic

244 Flugkiller the Charmwright (level 5, -13/45 HPs)
             Began as a Centaur Skald on Nov 7, 2019.
             Was an Initiate of Okawaru.
             Mangled by Ijyb the spiny frog (glowing shapeshifter) (16 damage)
             ... on level 3 of the Dungeon.
             The game lasted 00:06:34 (3894 turns).

Flugkiller the Charmwright (Centaur Skald)          Turns: 3894, Time: 00:06:35

Health: -13/45     AC:  6    Str: 14    XL:     5   Next: 83%
Magic:  1/8        EV:  9    Int: 12    God:    Okawaru [......]
Gold:   151        SH:  0    Dex:  9    Spells: 2/8 levels left

rFire    . . .     SeeInvis .   q - +4 quarterstaff (chaos)
rCold    . . .     Gourm    .   (shield currently unavailable)
rNeg     . . .     Faith    .   b - +0 leather armour
rPois    .         Spirit   .   x - +0 helmet
rElec    .         Reflect  .   f - +0 cloak
rCorr    .         Harm     .   (no gloves)
MR       .....                  (no barding)
Stlth    ..........             (no amulet)
HPRegen  0.15/turn              m - ring of flight
MPRegen  0.11/turn              (no ring)

@: lethally poisoned (-13 -> -28), very quick
A: large, hooves 3, deformed body, speed 2, tough skin 3
a: Renounce Religion, Evoke Flight


You were on level 3 of the Dungeon.
You worshipped Okawaru.
Okawaru was noncommittal.
You were hungry.

You visited 1 branch of the dungeon, and saw 3 of its levels.

You collected 151 gold pieces.

Inventory:

Hand Weapons
 a - a +0 spear
 q - a +4 quarterstaff of chaos (weapon)
   (You took it off Crazy Yiuf on level 2 of the Dungeon)
Missiles
 g - 32 poisoned darts (quivered)
Armour
 b - a +0 leather armour (worn)
 f - a +0 cloak (worn)
   (You took it off Crazy Yiuf on level 2 of the Dungeon)
 x - a +0 helmet (worn)
   (You took it off Robin on level 3 of the Dungeon)
Jewellery
 m - a ring of flight (left hand)
   (You found it on level 1 of the Dungeon)
Wands
 n - a wand of enslavement (7)
   (You found it on level 3 of the Dungeon)
 t - a wand of random effects (16)
   (You found it on level 3 of the Dungeon)
Scrolls
 i - a scroll of enchant weapon {unknown}
 l - a scroll of remove curse
 r - 2 scrolls of teleportation {unknown}
 s - a scroll of magic mapping {unknown}
 w - a scroll of blinking {unknown}
Potions
 c - 2 potions of cancellation
 e - 2 potions of agility
 h - a potion of resistance
 j - 2 potions of curing
 k - a potion of invisibility {unknown}
 o - a potion of heal wounds {unknown}
 p - a potion of brilliance {unknown}
 u - a potion of mutation {unknown}
 z - a potion of degeneration {unknown}
Comestibles
 d - 2 rations
 v - 9 chunks of flesh


   Skills:
 - Level 3.0 Fighting
 - Level 2.0 Polearms
 - Level 0.6 Armour
 - Level 1.3 Dodging
 - Level 2.0 Spellcasting
 + Level 2.8 Hexes
 - Level 4.2 Charms


You had 2 spell levels left.
You knew the following spells:

 Your Spells              Type           Power        Failure   Level  Hunger
a - Infusion              Chrm           ##..         6%          1    ##.....
b - Song of Slaying       Chrm           ##......     9%          2    ###....
c - Spectral Weapon       Hex/Chrm       #.......     24%         3    ####...

Your spell library contained the following spells:

 Spells                   Type           Power        Failure   Level  Hunger
 Shroud of Golubria       Chrm/Tloc      #.....       22%         2    ###....
 Regeneration             Chrm/Necr      #.........   41%         3    ####...


Dungeon Overview and Level Annotations

Branches:
Dungeon (3/15)

Altars:
Cheibriados
Okawaru
Qazlal
Trog
Wu Jian
Xom
Yredelemnul
The Shining One

Annotations:
D:3 Ijyb


Innate Abilities, Weirdness & Mutations

You have hooves in place of feet.
Armour fits poorly on your strangely shaped body.
You cover ground very quickly.
You have extremely tough skin. (AC +3)


Message History

You start putting on your armour.
You continue putting on your +0 cloak. x4
You finish putting on your +0 cloak.
You see here a +0 club.
HP restored.
There is a large open door here.
Some of the chunks of flesh in your inventory have rotted away.
There is an open gate here.
There is an escape hatch in the ceiling here.
Ijyb the hog comes into view.
You see here a +0 club.
Ijyb squeals angrily.
Ijyb the hog changes into an eye of draining!
Things that are here:
a +0 leather armour; a +0 dagger A frilled lizard comes into view.
The frilled lizard hisses angrily.
You see here a +0 club.
You thump the frilled lizard!
You kill the frilled lizard!
Okawaru accepts your kill.
You are feeling hungry.
You barely miss Ijyb. You kick Ijyb.
Ijyb is lightly wounded.
You sock Ijyb!
Ijyb is poisoned.
Your skin tingles.
Ijyb is moderately wounded.
Ijyb gazes at you.
You feel your power leaking away.
You sock Ijyb!
Ijyb's magic leaks into the air.
You kick Ijyb.
Ijyb is moderately wounded.
Ijyb the eye of draining changes into a yak!
You sock Ijyb! You freeze Ijyb.
Ijyb is moderately wounded.
You sock Ijyb!
Ijyb briefly looks nauseous.
Ijyb is severely wounded.
Ijyb the yak changes into a spiny frog!
Unknown command.
You sock Ijyb!
Ijyb is moderately wounded.
Ijyb closely misses you.
You hit Ijyb.
Ijyb is moderately wounded.
Ijyb stings you!!
You are poisoned.
Ijyb poisons you!
You completely miss Ijyb. You kick Ijyb, but do no damage.
Ijyb is moderately wounded.
You feel sick. Ijyb stings you!!
* * * LOW HITPOINT WARNING * * *
Ijyb stings you!
You die...

.# #.................# # .#
#............####.###. .####
#.########...###.#.##.## ....#
#.# #......###.# .. ###.#
...##### #..####.#..# #. #.#
##...###..# ##.#.###. ###.#
##.....##..# #.#.##≈≈ .##.#
#....F..#..# #.#.#≈≈≈ .##.###
#..._.@.)..# #.#.≈≈≈. ......###
#......†#[.# #.#.≈≈..
........####.....##.)# #.#.≈≈))
...........##...##...# #..(≈≈.)
.........#.########.<#######≈≈≈..
............................≈≈≈..
##...#............###.#####≈≈####
(....>.........####≈...☼###≈≈#...
###......#####.####.....##...'...


You could see Ijyb the spiny frog shaped shifter.

Vanquished Creatures
  Crazy Yiuf (D:2)
  Robin (D:3)
  5 adders (D:3)
  7 gnolls
  2 oozes
  2 worms (D:2)
  A ball python (D:2)
  5 bats
  3 giant cockroaches
  19 goblins
  5 hobgoblins
  6 jackals
  11 kobolds
  2 quokkas
  6 frilled lizards
  5 rats
81 creatures vanquished.

Notes
Turn   | Place    | Note
-------+----------+-------------------------------------------
     0 | D:1      | Flugkiller the Centaur Skald began the quest for the Orb.
     0 | D:1      | Reached XP level 1. HP: 17/17 MP: 3/3
   358 | D:1      | Reached XP level 2. HP: 25/25 MP: 4/4
   448 | D:1      | Learned a level 2 spell: Song of Slaying
   938 | D:2      | Reached skill level 3 in Charms
   964 | D:2      | Reached XP level 3. HP: 30/31 MP: 5/5
  1356 | D:1      | Reached XP level 4. HP: 13/38 MP: 6/6
  1657 | D:2      | Found a runed translucent door.
  1658 | D:2      | Noticed Crazy Yiuf
  1854 | D:2      | Killed Crazy Yiuf
  1854 | D:2      | Reached skill level 4 in Charms
  1864 | D:2      | Learned a level 3 spell: Spectral Weapon
  2050 | D:2      | Found a basalt altar of Yredelemnul.
  2057 | D:2      | Found a glowing golden altar of the Shining One.
  2057 | D:2      | Found a shimmering altar of Xom.
  2058 | D:2      | Found a bloodstained altar of Trog.
  2060 | D:2      | Found a snail-covered altar of Cheibriados.
  2062 | D:2      | Found an iron altar of Okawaru.
  2069 | D:2      | Became a worshipper of Warmaster Okawaru
  2604 | D:3      | Reached skill level 1 in Hexes
  2604 | D:3      | Reached XP level 5. HP: 43/45 MP: 7/7
  3055 | D:3      | Found a stormy altar of Qazlal.
  3069 | D:3      | Found an ornate altar of the Wu Jian Council.
  3092 | D:3      | Noticed Ijyb
  3111 | D:3      | Noticed Ijyb
  3111 | D:3      | Ijyb changed into Ijyb the glowing shapeshifter
  3111 | D:3      | Noticed Ijyb
  3111 | D:3      | Ijyb the glowing shapeshifter changed into Ijyb the swamp
                  | worm
  3113 | D:3      | Noticed Ijyb
  3113 | D:3      | Ijyb the swamp worm changed into Ijyb the glowing orange
                  | brain
  3117 | D:3      | Noticed Ijyb
  3117 | D:3      | Ijyb the glowing orange brain changed into Ijyb the shining
                  | eye
  3117 | D:3      | Noticed Ijyb
  3117 | D:3      | Ijyb the shining eye changed into Ijyb the slime creature
  3124 | D:3      | Noticed Ijyb
  3124 | D:3      | Ijyb the slime creature changed into Ijyb the alligator
  3130 | D:3      | Noticed Ijyb
  3130 | D:3      | Ijyb the alligator changed into Ijyb the anaconda
  3146 | D:3      | Noticed Ijyb
  3146 | D:3      | Ijyb the anaconda changed into Ijyb the snapping turtle
  3611 | D:3      | Noticed Robin
  3833 | D:3      | Killed Robin
  3881 | D:3      | Noticed Ijyb
  3882 | D:3      | Noticed Ijyb
  3882 | D:3      | Ijyb the hog changed into Ijyb the eye of draining
  3889 | D:3      | Noticed Ijyb
  3889 | D:3      | Ijyb the eye of draining changed into Ijyb the yak
  3891 | D:3      | Noticed Ijyb
  3891 | D:3      | Ijyb the yak changed into Ijyb the spiny frog
  3894 | D:3      | Mangled by Ijyb the spiny frog (glowing shapeshifter)

Levels and vault maps discovered:
D:1:      minmay_arrival_radiant_lines, layout_loops_ring,
          hangedman_abyss_or_decor_lesser_grid
D:2:      layout_basic, minitemple, serial_forest, infiniplex_forest_zigzag_1,
          infiniplex_forest_lined_2, infiniplex_forest_clump_curved,
          infiniplex_forest_end_2, infiniplex_forest_clump_C,
          infiniplex_forest_straight_5, infiniplex_forest_straight_2,
          infiniplex_forest_clump_small, uniq_crazy_yiuf_cottage
D:3:      kennysheep_goblin_castle, layout_loops_ring, lemuel_round_altar,
          lemuel_crystal_altar, hangedman_decor_diamond_cutter,
          grunt_qazlal_clouds, uniq_ijyb

Skill      XL: |  1  2  3  4  5 |
---------------+----------------+-----
Polearms       | 2 |  2.0
Fighting       | 3 |  3.0
Charms         | 3 4 |  4.2
Hexes          | 1 2 |  2.8
Spellcasting   | 2 |  2.0
Armour         | |  0.6
Dodging        | |  1.3

Action                   |  1- 3 |  4- 6 || total
-------------------------+-------+-------++-------
Melee: Spear             |    99 |    33 ||   132
       Kick              |    13 |    20 ||    33
       Quarterstaff      |       |   103 ||   103
Throw: Dart              |     9 |    25 ||    34
 Abil: Evoke Flight      |       |     2 ||     2
  Use: Scroll            |       |     5 ||     5
 Stab: Paralysed         |       |     3 ||     3
  Eat: Chunk             |       |     7 ||     7
Armor: Leather armour    |    21 |    34 ||    55
Dodge: Dodged            |    20 |    43 ||    63

Table legend:
 A = Non-vault XP
 B = Vault XP
 C = Vault XP percentage of total XP
 D = Non-vault monster count
 E = Vault monster count
 F = Vault count percentage of total count
                 A         B        C        D         E       F
            +---------+---------+-------+---------+---------+-------
      Total |     248 |     101 |  28.9 |      60 |      21 |  25.9
            +---------+---------+-------+---------+---------+-------
        D:1 |      60 |       0 |   0.0 |      19 |       0 |   0.0
        D:2 |      65 |      39 |  37.5 |      21 |       1 |   4.5
        D:3 |     123 |      62 |  33.5 |      20 |      20 |  50.0
            +---------+---------+-------+---------+---------+-------
